[Event "2nd Serbian League-Vojvodina 2023"]
[Site "Novi Sad"]
[Date "2023.11.04"]
[Round "4.24"]
[White "Kovacevic, Dragisa"]
[Black "Cica, Dragan"]
[Result "1/2-1/2"]
[ECO "B50"]
[WhiteElo "2171"]
[BlackElo "2125"]
[Annotator "ChessBase"]
[PlyCount "149"]
[EventDate "2023.10.22"]
[EventType "team-tourn"]
[EventCountry "SRB"]
[SourceTitle "playchess.com"]
[Source "ChessBase"]
[SourceQuality "1"]
[TimeControl "40/5400+30:1800+30"]

1. e4 c5 2. Nf3 d6 3. Bc4 e6 4. Qe2 a6 5. a4 Nc6 6. c3 Be7 7. O-O Nf6 8. Bb3 O-O 9. d3 Qc7 10. Re1 Bd7 11. Nbd2 b5 12. axb5 axb5 13. Rxa8 Rxa8 14. Nf1 c4 15. dxc4 Na5 16. Bc2 Nxc4 17. Ne3 h6 18. Bd3 Rc8 19. Nc2 d5 20. e5 Nh7 21. Nfd4 Be8 22. f4 b4 23. cxb4 Qb6 24. b3 Bxb4 25. Rd1 Na5 26. Be3 Qb8 27. f5 Bc5 28. fxe6 Qxe5 29. Bxh7+ Kxh7 30. Qd3+ Qe4 31. Qxe4+ dxe4 32. exf7 Bxf7 33. b4 Bxd4 34. Nxd4 Nc4 35. Nc2 Ne5 36. Ne1 Ng4 37. Bc5 Nf6 38. Rd4 Ra8 39. Nc2 Ra2 40. Ne3 Rb2 41. h3 Rb3 42. Rd6 Kg6 43. Ng4 Kg5 44. Be3+ Kf5 45. Nxf6 Rxe3 46. Ng4 Rb3 47. Rd7 Be6 48. Rd1 Rxb4 49. Rf1+ Kg5 50. Ne3 Rb3 51. Kf2 Rb2+ 52. Kg3 Re2 53. h4+ Kh5 54. Kf4 g5+ 55. hxg5 hxg5+ 56. Kxe4 Bd7 57. Rf6 Ra2 58. g3 Ra4+ 59. Kf3 g4+ 60. Kf2 Ra2+ 61. Ke1 Ra1+ 62. Kd2 Ra2+ 63. Kd3 Kg5 64. Rd6 Bb5+ 65. Ke4 Be2 66. Rd5+ Kg6 67. Rd4 Ra6 68. Nd5 Bf3+ 69. Ke3 Kf5 70. Nf4 Ra3+ 71. Rd3 Ra4 72. Rc3 Re4+ 73. Kf2 Re5 74. Ra3 Rc5 75. Ra2 1/2-1/2

[Event "2nd Serbian League-Vojvodina 2023"]
[Site "Novi Sad"]
[Date "2023.11.05"]
[Round "5.1"]
[White "Benkovic, Petar"]
[Black "Samani, Yamac"]
[Result "0-1"]
[ECO "E94"]
[WhiteElo "2361"]
[BlackElo "2349"]
[Annotator "RC"]
[PlyCount "64"]
[EventDate "2023.10.22"]
[EventType "team-tourn"]
[EventCountry "SRB"]
[SourceTitle "playchess.com"]
[Source "ChessBase"]
[SourceQuality "1"]
[TimeControl "40/5400+30:1800+30"]

1. Nf3 Nf6 2. c4 g6 3. Nc3 Bg7 4. e4 d6 5. d4 O-O 6. Be2 e5 7. O-O Bg4 8. Be3 Bxf3 9. Bxf3 exd4 10. Bxd4 Nc6 11. Be3 Re8 12. Qc2 Nd7 13. Rad1 Bxc3 14. Qxc3 Qf6 15. Qc1 Nc5 16. Qc2 Re7 17. Rfe1 Rae8 18. h3 Nxe4 19. Bxe4 Rxe4 20. c5 d5 21. Qd2 d4 22. Bh6 Rxe1+ 23. Rxe1 Rxe1+ 24. Qxe1 Qe5 25. Qc1 Qe2 26. a3 f6 27. b4 Kf7 28. Bf4 g5 29. Bd2 Ne5 30. Qc2 Kg7 31. c6 bxc6 32. h4 Ng4 0-1

[Event "2nd Serbian League-Vojvodina 2023"]
[Site "Novi Sad"]
[Date "2023.11.05"]
[Round "5.2"]
[White "Alimpic, Aleksa"]
[Black "Jocev, Milan"]
[Result "1/2-1/2"]
[ECO "D14"]
[WhiteElo "2290"]
[BlackElo "2338"]
[Annotator "RC"]
[PlyCount "74"]
[EventDate "2023.10.22"]
[EventType "team-tourn"]
[EventCountry "SRB"]
[SourceTitle "playchess.com"]
[Source "ChessBase"]
[SourceQuality "1"]
[TimeControl "40/5400+30:1800+30"]

1. d4 d5 2. c4 c6 3. cxd5 cxd5 4. Bf4 Nc6 5. e3 Nf6 6. Nc3 Bf5 7. Nf3 e6 8. Qb3 Bb4 9. Ne5 O-O 10. Nxc6 Bxc3+ 11. Qxc3 bxc6 12. Qa3 a5 13. Be2 Qb6 14. O-O Rfc8 15. Rac1 a4 16. f3 Ra7 17. Rc3 Rb7 18. b3 axb3 19. Rxb3 Ra7 20. Rxb6 Rxa3 21. Ra1 e5 22. Bxe5 Nd7 23. Rb3 Rxb3 24. axb3 Nxe5 25. dxe5 h5 26. Kf2 Rb8 27. Ra6 Rxb3 28. Rxc6 Rb2 29. Rc1 Bd3 30. Re1 Rc2 31. Kf1 Bc4 32. Bxc4 dxc4 33. Rd1 Kf8 34. Rd5 Ke7 35. f4 h4 36. h3 c3 37. Rc5 f6 1/2-1/2

[Event "2nd Serbian League-Vojvodina 2023"]
[Site "Novi Sad"]
[Date "2023.11.05"]
[Round "5.3"]
[White "Stankovic, Milos M"]
[Black "Pajcin, Lav"]
[Result "1-0"]
[ECO "D11"]
[WhiteElo "2249"]
[BlackElo "2109"]
[Annotator "RC"]
[PlyCount "93"]
[EventDate "2023.10.22"]
[EventType "team-tourn"]
[EventCountry "SRB"]
[SourceTitle "playchess.com"]
[Source "ChessBase"]
[SourceQuality "1"]
[TimeControl "40/5400+30:1800+30"]

1. d4 d5 2. Nf3 Nf6 3. c4 c6 4. g3 Bf5 5. Bg2 e6 6. O-O Nbd7 7. Nc3 h6 8. Nd2 Be7 9. e4 dxe4 10. Ndxe4 O-O 11. Be3 Nxe4 12. Nxe4 Nf6 13. Nc3 Qa5 14. a3 Rad8 15. b4 Qa6 16. Qe2 Ng4 17. Rfd1 Nxe3 18. fxe3 Qb6 19. c5 Qc7 20. e4 Bg6 21. Bf3 Rd7 22. Qc4 Rfd8 23. d5 Qe5 24. d6 Bg5 25. Ne2 h5 26. h4 Be3+ 27. Kg2 b6 28. Qd3 Bh6 29. Qd4 f6 30. Kf2 Be8 31. Rab1 Rb7 32. Qxe5 fxe5 33. Nc3 Rdb8 34. Na4 b5 35. Nb2 g6 36. Nd3 Bg7 37. a4 Ra8 38. Ra1 a5 39. axb5 Rxb5 40. bxa5 Bf6 41. a6 Kf8 42. Be2 Rb3 43. Rd2 Rbb8 44. Rb2 Rd8 45. Rb7 Rd7 46. Rxd7 Bxd7 47. a7 1-0

[Event "2nd Serbian League-Vojvodina 2023"]
[Site "Novi Sad"]
[Date "2023.11.05"]
[Round "5.4"]
[White "Gagic, Milan A"]
[Black "Milekic, Daniel"]
[Result "1/2-1/2"]
[ECO "B22"]
[WhiteElo "2164"]
[BlackElo "2236"]
[Annotator "RC"]
[PlyCount "38"]
[EventDate "2023.10.22"]
[EventType "team-tourn"]
[EventCountry "SRB"]
[SourceTitle "playchess.com"]
[Source "ChessBase"]
[SourceQuality "1"]
[TimeControl "40/5400+30:1800+30"]

1. e4 c5 2. c3 Nf6 3. e5 Nd5 4. Nf3 d6 5. d4 cxd4 6. cxd4 Nc6 7. Bc4 Nb6 8. Bb5 dxe5 9. Nxe5 Bd7 10. Nxd7 Qxd7 11. Nc3 e6 12. O-O Rd8 13. Be3 Be7 14. Rc1 O-O 15. Ne4 Qd5 16. Nc3 Qd6 17. Ne4 Qd5 18. Nc3 Qd6 19. Ne4 Qd5 1/2-1/2

[Event "2nd Serbian League-Vojvodina 2023"]
[Site "Novi Sad"]
[Date "2023.11.05"]
[Round "5.5"]
[White "Radlovacki, Jovan"]
[Black "Pavkov, Nebojsa"]
[Result "1/2-1/2"]
[ECO "C02"]
[WhiteElo "2268"]
[BlackElo "2199"]
[Annotator "RC"]
[PlyCount "36"]
[EventDate "2023.10.22"]
[EventType "team-tourn"]
[EventCountry "SRB"]
[SourceTitle "playchess.com"]
[Source "ChessBase"]
[SourceQuality "1"]
[TimeControl "40/5400+30:1800+30"]

1. e4 e6 2. d4 d5 3. e5 c5 4. c3 Nc6 5. Nf3 Bd7 6. Be2 cxd4 7. cxd4 Nh6 8. Bxh6 gxh6 9. O-O f6 10. Bb5 Bg7 11. exf6 Qxf6 12. Bxc6 bxc6 13. Ne5 c5 14. Qh5+ Ke7 15. Nxd7 Kxd7 16. Nc3 cxd4 17. Nxd5 exd5 18. Qxd5+ Qd6 1/2-1/2

[Event "2nd Serbian League-Vojvodina 2023"]
[Site "Novi Sad"]
[Date "2023.11.05"]
[Round "5.7"]
[White "Mezentsev, Ivan"]
[Black "Horvath, Zsolt"]
[Result "0-1"]
[ECO "E14"]
[WhiteElo "2360"]
[BlackElo "2377"]
[Annotator "RC"]
[PlyCount "98"]
[EventDate "2023.10.22"]
[EventType "team-tourn"]
[EventCountry "SRB"]
[SourceTitle "playchess.com"]
[Source "ChessBase"]
[SourceQuality "1"]
[TimeControl "40/5400+30:1800+30"]

1. Nf3 Nf6 2. c4 e6 3. Nc3 d5 4. e3 Be7 5. b3 O-O 6. Bb2 c5 7. cxd5 exd5 8. Rc1 b6 9. d4 Bb7 10. Be2 Nbd7 11. O-O Rc8 12. Ne5 Nxe5 13. dxe5 Ne4 14. Nxe4 dxe4 15. Qc2 Qd7 16. Rfd1 Qc6 17. Bc4 Rcd8 18. Qe2 Bc8 19. Rxd8 Rxd8 20. Rd1 Rxd1+ 21. Qxd1 Be6 22. Qe2 g6 23. h3 Qd7 24. Bxe6 fxe6 25. Qg4 Qd5 26. h4 Kg7 27. h5 g5 28. Qe2 Qd3 29. Qxd3 exd3 30. Kf1 g4 31. Ke1 b5 32. Kd2 c4 33. bxc4 bxc4 34. a3 Bd8 35. Bc3 Kh6 36. Bb4 Bb6 37. g3 Kxh5 38. a4 a5 39. Ba3 Kg6 40. Kc3 Kf5 41. Bc1 Ke4 42. Kxc4 Kf3 43. Kxd3 Kxf2 44. Bb2 Kxg3 45. Ke2 Kg2 46. Bd4 Bd8 47. e4 h5 48. Bf2 h4 49. Bxh4 Bxh4 0-1

[Event "2nd Serbian League-Vojvodina 2023"]
[Site "Novi Sad"]
[Date "2023.11.05"]
[Round "5.8"]
[White "Farkas, Sandor I"]
[Black "Mushini Ajay"]
[Result "1/2-1/2"]
[ECO "B94"]
[WhiteElo "2112"]
[BlackElo "2301"]
[Annotator "RC"]
[PlyCount "31"]
[EventDate "2023.10.22"]
[EventType "team-tourn"]
[EventCountry "SRB"]
[SourceTitle "playchess.com"]
[Source "ChessBase"]
[SourceQuality "1"]
[TimeControl "40/5400+30:1800+30"]

1. e4 c5 2. Nf3 d6 3. d4 cxd4 4. Nxd4 Nf6 5. Nc3 a6 6. Bg5 Nbd7 7. f4 Qc7 8. Qf3 h6 9. Bxf6 Nxf6 10. f5 e6 11. fxe6 fxe6 12. Qg3 e5 13. Qg6+ Qf7 14. Qxf7+ Kxf7 15. Bc4+ Ke7 16. Nf5+ 1/2-1/2

[Event "2nd Serbian League-Vojvodina 2023"]
[Site "Novi Sad"]
[Date "2023.11.05"]
[Round "5.9"]
[White "Jotic, Vladimir"]
[Black "Szalai, Kornel"]
[Result "0-1"]
[ECO "B23"]
[WhiteElo "2280"]
[BlackElo "2383"]
[Annotator "RC"]
[PlyCount "106"]
[EventDate "2023.10.22"]
[EventType "team-tourn"]
[EventCountry "SRB"]
[SourceTitle "playchess.com"]
[Source "ChessBase"]
[SourceQuality "1"]
[TimeControl "40/5400+30:1800+30"]

1. e4 c5 2. Nc3 g6 3. f4 Bg7 4. Nf3 Nc6 5. a3 d6 6. Bc4 e6 7. O-O Nge7 8. d3 b6 9. Qe1 Bb7 10. f5 gxf5 11. exf5 d5 12. fxe6 dxc4 13. exf7+ Kf8 14. Qe4 Na5 15. Ng5 Qd4+ 16. Be3 Qxe4 17. dxe4 Bc8 18. Rad1 Nac6 19. Rd6 h6 20. Nf3 Bg4 21. Nh4 Ne5 22. Nb5 c3 23. b3 Be2 24. Nc7 Bxf1 25. Nxa8 Kxf7 26. Nc7 Ng4 27. Bf4 Be2 28. Ne6 Be5 29. Bxe5 Nxe5 30. Nf4 Ba6 31. Nf3 N7c6 32. Nxe5+ Nxe5 33. Nd5 Bd3 34. Rf6+ Kg7 35. Re6 Ng6 36. Ne3 Bxc2 37. Nxc2 Rd8 38. Ne3 Rd1+ 39. Kf2 c2 40. Nxc2 Rd2+ 41. Kf1 Rxc2 42. Rc6 Rb2 43. Rc7+ Kf6 44. Rxa7 Rxb3 45. a4 Ne5 46. Ra8 Rb2 47. a5 bxa5 48. Rxa5 c4 49. Rc5 Ke6 50. h3 Kd6 51. Rd5+ Kc6 52. Rxe5 c3 53. Ke1 Rb1+ 0-1

[Event "2nd Serbian League-Vojvodina 2023"]
[Site "Novi Sad"]
[Date "2023.11.05"]
[Round "5.10"]
[White "Farkas, Tibor"]
[Black "Mikheev, Stanislav"]
[Result "1/2-1/2"]
[ECO "C01"]
[WhiteElo "2210"]
[BlackElo "2288"]
[Annotator "RC"]
[PlyCount "20"]
[EventDate "2023.10.22"]
[EventType "team-tourn"]
[EventCountry "SRB"]
[SourceTitle "playchess.com"]
[Source "ChessBase"]
[SourceQuality "1"]
[TimeControl "40/5400+30:1800+30"]

1. e4 e5 2. Nf3 Nf6 3. Nxe5 d6 4. Nf3 Nxe4 5. d3 Nf6 6. d4 d5 7. Bd3 Bd6 8. O-O O-O 9. Bg5 Bg4 10. Nbd2 Re8 1/2-1/2

[Event "2nd Serbian League-Vojvodina 2023"]
[Site "Novi Sad"]
[Date "2023.11.05"]
[Round "5.11"]
[White "Bulajic, Ratko"]
[Black "Juhasz, Bence R"]
[Result "0-1"]
[ECO "E62"]
[WhiteElo "2075"]
[BlackElo "2210"]
[Annotator "ChessBase"]
[PlyCount "76"]
[EventDate "2023.10.22"]
[EventType "team-tourn"]
[EventCountry "SRB"]
[SourceTitle "playchess.com"]
[Source "ChessBase"]
[SourceQuality "1"]
[TimeControl "40/5400+30:1800+30"]

1. d4 Nf6 2. Nf3 g6 3. c4 Bg7 4. Nc3 O-O 5. g3 d6 6. Bg2 Nc6 7. d5 Na5 8. Nd2 c6 9. Rb1 cxd5 10. Nxd5 Nxd5 11. cxd5 Qc7 12. b4 Nc4 13. Qc2 b5 14. Bb2 Bxb2 15. Rxb2 Bg4 16. Nxc4 bxc4 17. O-O Rfc8 18. Rc1 Qb6 19. Qe4 Bf5 20. Qf4 Rc7 21. g4 Bd7 22. Rxc4 Rxc4 23. Qxc4 Rc8 24. Qf4 h5 25. h3 hxg4 26. hxg4 Qa6 27. Bf3 Rc4 28. Qg5 Qb6 29. Rb3 e5 30. dxe6 Bxe6 31. Re3 d5 32. Qf6 Rxb4 33. Re5 Qc6 34. Qd8+ Kg7 35. g5 Rh4 36. Kg2 Qc1 37. Qf6+ Kg8 38. Kg3 Rh3+ 0-1

[Event "2nd Serbian League-Vojvodina 2023"]
[Site "Novi Sad"]
[Date "2023.11.05"]
[Round "5.12"]
[White "Kecskemeti, Arpad"]
[Black "Strangar, Zlatko"]
[Result "1-0"]
[ECO "C13"]
[WhiteElo "2185"]
[BlackElo "2213"]
[Annotator "ChessBase"]
[PlyCount "44"]
[EventDate "2023.10.22"]
[EventType "team-tourn"]
[EventCountry "SRB"]
[SourceTitle "playchess.com"]
[Source "ChessBase"]
[SourceQuality "1"]
[TimeControl "40/5400+30:1800+30"]

1. e4 e6 2. d4 d5 3. Nc3 Nf6 4. Bg5 dxe4 5. Nxe4 Nbd7 6. Nf3 Be7 7. Bxf6 Nxf6 8. Bd3 O-O 9. Qe2 Nxe4 10. Qxe4 g6 11. h4 c5 12. h5 Qd5 13. Qe3 g5 14. dxc5 h6 15. b4 a5 16. c3 Bf6 17. c4 Qc6 18. b5 Qc7 19. Rc1 Be7 20. c6 a4 21. O-O Kg7 22. c5 g4 1-0

[Event "2nd Serbian League-Vojvodina 2023"]
[Site "Novi Sad"]
[Date "2023.11.05"]
[Round "5.13"]
[White "Nevednichy, Vladislav"]
[Black "Agdelen, Huseyin Can"]
[Result "1/2-1/2"]
[ECO "B40"]
[WhiteElo "2447"]
[BlackElo "2401"]
[Annotator "RC"]
[PlyCount "20"]
[EventDate "2023.10.22"]
[EventType "team-tourn"]
[EventCountry "SRB"]
[SourceTitle "playchess.com"]
[Source "ChessBase"]
[SourceQuality "1"]
[TimeControl "40/5400+30:1800+30"]

1. e4 c5 2. Nf3 e6 3. g3 Nc6 4. Bg2 Nf6 5. Qe2 e5 6. c3 d5 7. d3 Be7 8. exd5 Qxd5 9. O-O O-O 10. Re1 Bg4 1/2-1/2

[Event "2nd Serbian League-Vojvodina 2023"]
[Site "Novi Sad"]
[Date "2023.11.05"]
[Round "5.14"]
[White "Lalic, Bogdan"]
[Black "Stoleriu, George"]
[Result "1/2-1/2"]
[ECO "E11"]
[WhiteElo "2345"]
[BlackElo "2400"]
[Annotator "RC"]
[PlyCount "31"]
[EventDate "2023.10.22"]
[EventType "team-tourn"]
[EventCountry "SRB"]
[SourceTitle "playchess.com"]
[Source "ChessBase"]
[SourceQuality "1"]
[TimeControl "40/5400+30:1800+30"]

1. d4 Nf6 2. c4 e6 3. Nf3 Bb4+ 4. Bd2 Qe7 5. g3 Bxd2+ 6. Qxd2 d6 7. Nc3 O-O 8. Bg2 e5 9. O-O Re8 10. e4 Bg4 11. Nh4 Nc6 12. h3 Bd7 13. Nb5 Qd8 14. d5 Ne7 15. Nc3 c6 16. dxc6 1/2-1/2

[Event "2nd Serbian League-Vojvodina 2023"]
[Site "Novi Sad"]
[Date "2023.11.05"]
[Round "5.15"]
[White "Sekulic, Dusan"]
[Black "Grujic, Zoran"]
[Result "0-1"]
[ECO "D30"]
[WhiteElo "2145"]
[BlackElo "2315"]
[Annotator "RC"]
[PlyCount "90"]
[EventDate "2023.10.22"]
[EventType "team-tourn"]
[EventCountry "SRB"]
[SourceTitle "playchess.com"]
[Source "ChessBase"]
[SourceQuality "1"]
[TimeControl "40/5400+30:1800+30"]

1. d4 Nf6 2. Nf3 e6 3. c4 d5 4. e3 a6 5. Nbd2 c5 6. a3 cxd4 7. exd4 dxc4 8. Bxc4 Be7 9. O-O O-O 10. Re1 Bd7 11. Ne5 Bc6 12. Nxc6 Nxc6 13. Nf3 Qd6 14. b4 Rfd8 15. Bb2 Rac8 16. Qb3 Nd5 17. Rad1 Bf6 18. Ne5 Rc7 19. g3 g6 20. f4 Nce7 21. Bd3 b5 22. Rc1 Rdc8 23. Rc5 Nb6 24. Rec1 Na4 25. Rxc7 Rxc7 26. Rxc7 Qxc7 27. Be4 Bxe5 28. dxe5 Nd5 29. Bd4 Qc1+ 30. Kg2 Qd2+ 31. Bf2 Nac3 32. Bxd5 exd5 33. h4 h5 34. Kg1 Kg7 35. Kg2 d4 36. e6 Nd1 37. Qf3 fxe6 38. Kf1 Qxf2+ 39. Qxf2 Nxf2 40. Kxf2 Kf6 41. Ke2 Kf5 42. Kf3 e5 43. fxe5 Kxe5 44. g4 hxg4+ 45. Kxg4 d3 0-1

[Event "2nd Serbian League-Vojvodina 2023"]
[Site "Novi Sad"]
[Date "2023.11.05"]
[Round "5.16"]
[White "Dragojlovic, Andjelko"]
[Black "Kovacevic, Sinisa"]
[Result "1/2-1/2"]
[ECO "C00"]
[WhiteElo "2108"]
[BlackElo "2240"]
[Annotator "RC"]
[PlyCount "36"]
[EventDate "2023.10.22"]
[EventType "team-tourn"]
[EventCountry "SRB"]
[SourceTitle "playchess.com"]
[Source "ChessBase"]
[SourceQuality "1"]
[TimeControl "40/5400+30:1800+30"]

1. e4 e6 2. d3 d5 3. Nd2 c5 4. g3 Nc6 5. Bg2 Nf6 6. Nh3 Be7 7. O-O O-O 8. f4 Qc7 9. Nf2 Rd8 10. e5 Nd7 11. Nf3 b5 12. c3 b4 13. d4 bxc3 14. bxc3 cxd4 15. cxd4 Ba6 16. Re1 Nb4 17. Ba3 Nb6 18. f5 Nc4 1/2-1/2

[Event "2nd Serbian League-Vojvodina 2023"]
[Site "Novi Sad"]
[Date "2023.11.05"]
[Round "5.17"]
[White "Parezanin, Darko"]
[Black "Ilincic, Aleksa"]
[Result "0-1"]
[ECO "A22"]
[WhiteElo "2192"]
[BlackElo "2235"]
[Annotator "RC"]
[PlyCount "76"]
[EventDate "2023.10.22"]
[EventType "team-tourn"]
[EventCountry "SRB"]
[SourceTitle "playchess.com"]
[Source "ChessBase"]
[SourceQuality "1"]
[TimeControl "40/5400+30:1800+30"]

1. c4 e5 2. Nc3 Nf6 3. g3 Bb4 4. Bg2 O-O 5. Nf3 Re8 6. O-O c6 7. a3 Bf8 8. d3 h6 9. b4 d5 10. cxd5 cxd5 11. Bb2 Bf5 12. Rc1 a5 13. b5 Nbd7 14. Na4 Bd6 15. e4 Be6 16. exd5 Bxd5 17. Nc3 Be6 18. d4 e4 19. Nd2 Bg4 20. Qb3 e3 21. fxe3 Rxe3 22. Nde4 Qb6 23. Nxf6+ Nxf6 24. Na4 Rxb3 25. Nxb6 Rd8 26. Nc4 Rxb5 27. Bc3 a4 28. Rb1 Rb3 29. Rxb3 axb3 30. Bxb7 Be2 31. Nxd6 Bxf1 32. Kxf1 Rxd6 33. Bb2 Rd7 34. Bc6 Rc7 35. d5 Nxd5 36. Bxd5 Rc2 37. Be5 b2 38. Be4 b1=Q# 0-1

[Event "2nd Serbian League-Vojvodina 2023"]
[Site "Novi Sad"]
[Date "2023.11.05"]
[Round "5.18"]
[White "Stikovic, Dobrica"]
[Black "Krejic, Igor"]
[Result "1/2-1/2"]
[ECO "D51"]
[WhiteElo "2162"]
[BlackElo "2128"]
[Annotator "ChessBase"]
[PlyCount "86"]
[EventDate "2023.10.22"]
[EventType "team-tourn"]
[EventCountry "SRB"]
[SourceTitle "playchess.com"]
[Source "ChessBase"]
[SourceQuality "1"]
[TimeControl "40/5400+30:1800+30"]

1. Nf3 Nf6 2. c4 e6 3. Nc3 d5 4. d4 Nbd7 5. cxd5 exd5 6. Bg5 c6 7. Qc2 Qa5 8. Nd2 Be7 9. e3 O-O 10. Bd3 Re8 11. O-O Nf8 12. a3 Qd8 13. b4 Bd7 14. b5 h6 15. Bxf6 Bxf6 16. bxc6 Bxc6 17. Rfc1 Ne6 18. Rab1 g6 19. a4 Rc8 20. Qa2 Be7 21. Nb5 Ra8 22. Nf3 a6 23. Nc3 Bd6 24. Qb3 Kg7 25. h4 Nf8 26. Rb2 Nh7 27. Bb1 Nf6 28. Ba2 Qe7 29. h5 g5 30. Re2 Rad8 31. Qc2 Bb8 32. Bb1 Bd7 33. Nxd5 Bxa4 34. Nxe7 Bxc2 35. Nc6 bxc6 36. Rexc2 Re6 37. Rxc6 Rxc6 38. Rxc6 Rd6 39. Rxd6 Bxd6 40. e4 Nxh5 41. g3 Kf8 42. Kf1 Ng7 43. Ke2 Bb4 1/2-1/2

[Event "2nd Serbian League-Vojvodina 2023"]
[Site "Novi Sad"]
[Date "2023.11.05"]
[Round "5.19"]
[White "Bokros, Albert"]
[Black "Balla, Tamas-Kristof"]
[Result "1/2-1/2"]
[ECO "B38"]
[WhiteElo "2447"]
[BlackElo "2308"]
[Annotator "RC"]
[PlyCount "45"]
[EventDate "2023.10.22"]
[EventType "team-tourn"]
[EventCountry "SRB"]
[SourceTitle "playchess.com"]
[Source "ChessBase"]
[SourceQuality "1"]
[TimeControl "40/5400+30:1800+30"]

1. e4 c5 2. Nf3 g6 3. d4 cxd4 4. Nxd4 Bg7 5. c4 Nc6 6. Be3 Qb6 7. Nb3 Qd8 8. Qd2 Nf6 9. f3 d6 10. Be2 Be6 11. O-O O-O 12. Na3 a5 13. Nb5 Nd7 14. Rfd1 a4 15. N3d4 Nxd4 16. Nxd4 Qa5 17. Nxe6 fxe6 18. Rac1 Rfc8 19. Rc2 Qxd2 20. Rdxd2 Nc5 21. Bd1 Na6 22. a3 Nc5 23. Rc1 1/2-1/2

[Event "2nd Serbian League-Vojvodina 2023"]
[Site "Novi Sad"]
[Date "2023.11.05"]
[Round "5.20"]
[White "Kopasz, Robert"]
[Black "Varga, Zoltan"]
[Result "1/2-1/2"]
[ECO "D02"]
[WhiteElo "2241"]
[BlackElo "2356"]
[Annotator "RC"]
[PlyCount "36"]
[EventDate "2023.10.22"]
[EventType "team-tourn"]
[EventCountry "SRB"]
[SourceTitle "playchess.com"]
[Source "ChessBase"]
[SourceQuality "1"]
[TimeControl "40/5400+30:1800+30"]

1. d4 d5 2. Nf3 c6 3. g3 Nf6 4. Bg2 Bg4 5. O-O Nbd7 6. Nbd2 e6 7. Re1 Be7 8. e4 O-O 9. c3 Bh5 10. Qb3 Qb6 11. exd5 cxd5 12. Qxb6 axb6 13. Ne5 Nxe5 14. dxe5 Nd7 15. Nb3 b5 16. Bf1 b4 17. Bd2 bxc3 18. Bxc3 Nb6 1/2-1/2

[Event "2nd Serbian League-Vojvodina 2023"]
[Site "Novi Sad"]
[Date "2023.11.05"]
[Round "5.21"]
[White "Strbac, Mladen"]
[Black "Nagy, Attila N"]
[Result "1-0"]
[ECO "B60"]
[WhiteElo "2246"]
[BlackElo "2164"]
[Annotator "RC"]
[PlyCount "51"]
[EventDate "2023.10.22"]
[EventType "team-tourn"]
[EventCountry "SRB"]
[SourceTitle "playchess.com"]
[Source "ChessBase"]
[SourceQuality "1"]
[TimeControl "40/5400+30:1800+30"]

1. e4 c5 2. Nf3 d6 3. d4 cxd4 4. Nxd4 Nf6 5. Nc3 Nc6 6. Bg5 g6 7. Bxf6 exf6 8. Bb5 Bd7 9. Qd3 Be7 10. O-O-O O-O 11. f4 Rc8 12. a3 Re8 13. Bc4 Bf8 14. Ba2 Bh6 15. Nde2 Be6 16. Kb1 Bf8 17. h4 f5 18. Bxe6 fxe6 19. h5 Qf6 20. g4 Bg7 21. g5 fxe4 22. Qxe4 Qe7 23. hxg6 d5 24. Qd3 Na5 25. Rxh7 Nc4 26. Rdh1 1-0

[Event "2nd Serbian League-Vojvodina 2023"]
[Site "Novi Sad"]
[Date "2023.11.05"]
[Round "5.22"]
[White "Gusev, Mikhail"]
[Black "Milanovic, Marko"]
[Result "1-0"]
[ECO "C77"]
[WhiteElo "2012"]
[BlackElo "2248"]
[Annotator "RC"]
[PlyCount "91"]
[EventDate "2023.10.22"]
[EventType "team-tourn"]
[EventCountry "SRB"]
[SourceTitle "playchess.com"]
[Source "ChessBase"]
[SourceQuality "1"]
[TimeControl "40/5400+30:1800+30"]

1. e4 e5 2. Nf3 Nc6 3. Bb5 a6 4. Ba4 Nf6 5. d3 d6 6. c3 Be7 7. O-O O-O 8. Nbd2 b5 9. Bc2 h6 10. Re1 Re8 11. Nf1 Bf8 12. Ng3 d5 13. Qe2 Be6 14. h3 d4 15. cxd4 Nxd4 16. Nxd4 Qxd4 17. Bb3 Bxb3 18. axb3 Qb4 19. Ra3 Re6 20. Nf5 Rd8 21. Bd2 Qc5 22. Rc1 Qa7 23. b4 Kh7 24. Rac3 Rd7 25. Rc6 Qb7 26. Rxe6 fxe6 27. Ng3 Rd6 28. Bc3 Qc6 29. Rd1 Rd7 30. Bxe5 Bxb4 31. Bxf6 gxf6 32. Nh5 Rf7 33. d4 Qc4 34. Qf3 f5 35. e5 c6 36. Nf6+ Rxf6 37. exf6 Kg6 38. Qe3 Kxf6 39. Rc1 Qd5 40. Qxh6+ Kf7 41. Qh7+ Kf6 42. Qg8 Qd7 43. Qa8 c5 44. dxc5 Bxc5 45. Qh8+ Kg6 46. Rxc5 1-0

[Event "2nd Serbian League-Vojvodina 2023"]
[Site "Novi Sad"]
[Date "2023.11.05"]
[Round "5.23"]
[White "Levnajic, Pavle"]
[Black "Molnar Gabor, Roland"]
[Result "1/2-1/2"]
[ECO "D60"]
[WhiteElo "2160"]
[BlackElo "2041"]
[Annotator "ChessBase"]
[PlyCount "76"]
[EventDate "2023.10.22"]
[EventType "team-tourn"]
[EventCountry "SRB"]
[SourceTitle "playchess.com"]
[Source "ChessBase"]
[SourceQuality "1"]
[TimeControl "40/5400+30:1800+30"]

1. d4 d5 2. c4 e6 3. Nc3 Nf6 4. Bg5 Be7 5. e3 Ne4 6. Bxe7 Qxe7 7. Qc2 Nxc3 8. Qxc3 O-O 9. Nf3 c6 10. Bd3 dxc4 11. Bxc4 b6 12. O-O Bb7 13. Rfd1 Nd7 14. e4 Rfd8 15. a4 Nf6 16. e5 Nd5 17. Qb3 c5 18. a5 Rab8 19. Rac1 cxd4 20. Rxd4 bxa5 21. Qa4 Nb6 22. Qd1 Rxd4 23. Nxd4 Qg5 24. Bf1 Rd8 25. Rc2 Qxe5 26. Rd2 Qf6 27. Nb3 Rxd2 28. Qxd2 a4 29. Nc5 Bc6 30. Qd6 Be8 31. Ne4 Qh4 32. Qb8 Qe7 33. Nd6 Kf8 34. Bb5 Nd7 35. Qc7 Nf6 36. Qb8 Nd7 37. Qc7 Nf6 38. Qb8 Nd7 1/2-1/2

[Event "2nd Serbian League-Vojvodina 2023"]
[Site "Novi Sad"]
[Date "2023.11.05"]
[Round "5.24"]
[White "Vranic, Ljubomir"]
[Black "Joksimovic, Dragoljub"]
[Result "1-0"]
[ECO "B07"]
[WhiteElo "2090"]
[BlackElo "2123"]
[Annotator "ChessBase"]
[PlyCount "65"]
[EventDate "2023.10.22"]
[EventType "team-tourn"]
[EventCountry "SRB"]
[SourceTitle "playchess.com"]
[Source "ChessBase"]
[SourceQuality "1"]
[TimeControl "40/5400+30:1800+30"]

1. d4 Nf6 2. Nc3 d6 3. e4 Nbd7 4. Bg5 c6 5. f4 Qa5 6. Qd2 h6 7. Bh4 b5 8. Bd3 b4 9. Nce2 c5 10. e5 g5 11. Bg3 gxf4 12. Bxf4 c4 13. exf6 cxd3 14. fxe7 Bxe7 15. Qxd3 Bb7 16. Nf3 Rg8 17. O-O Nf6 18. c4 Be4 19. Qe3 Rd8 20. d5 Qc7 21. b3 Qd7 22. Ng3 Qg4 23. Rae1 Rd7 24. Nd4 h5 25. Rf2 Bxg2 26. Rxg2 h4 27. Bxd6 hxg3 28. Rxg3 Qh5 29. Rxg8+ Nxg8 30. Bg3 Kf8 31. Nc6 Qh8 32. Nxe7 Nxe7 33. d6 1-0